 Dungeon Crawl Stone Soup version 0.19.1 (webtiles) character file.

71311 ImaNewbie the Peltast (level 15, -1/123 HPs)
             Began as a Formicid Fighter on Dec 18, 2016.
             Was a High Priest of Qazlal.
             Slain by an entropy weaver (7 damage)
             ... on level 1 of the Spider Nest.
             The game lasted 01:04:26 (25487 turns).

ImaNewbie the Peltast (Formicid Fighter)           Turns: 25487, Time: 01:04:27

Health: -1/123     AC:  0    Str: 26    XL:     15   Next: 81%
Magic:  14/22      EV: 11    Int:  9    God:    Qazlal [*****.]
Gold:   1438       SH: 32    Dex: 10    Spells: 0 memorised, 14 levels left

rFire  . . .     SeeInvis +     a - +7 whip (distort)
rCold  . . .     Gourm    .     n - +0 plate armour
rNeg   . . .     Faith    .     z - +0 large shield
rPois  +         Spirit   .     (helmet unavailable)
rElec  .         Reflect  +     X - +1 cloak
rCorr  .         Harm     .     S - +0 pair of gloves
MR     +++..                    k - +0 pair of boots
Stlth  ..........               u - +4 amulet of reflection
                                c - +3 ring of evasion
                                N - ring of poison resistance

@: protected from physical damage, corroded, repel missiles
A: permanent stasis, dig shafts and tunnels, four strong arms, antennae 3,
molten scales 1, magic resistance 2, MP-powered wands
a: Dig, Shaft Self, Upheaval, Elemental Force, Disaster Area, Renounce Religion


You were on level 1 of the Spider Nest.
You worshipped Qazlal.
Qazlal was extremely pleased with you.
You were hungry.

You visited 4 branches of the dungeon, and saw 20 of its levels.

You collected 1438 gold pieces.

Inventory:

Hand Weapons
 a - a +7 whip of distortion (weapon)
 b - a +0 blowgun
 C - a +1 morningstar of holy wrath
Missiles
 o - 8 needles of paralysis
 x - 88 poisoned needles
 P - 5 curare-tipped needles
Armour
 k - a +0 pair of boots (worn)
 n - a +0 plate armour (worn)
 z - a +0 large shield (worn)
 B - a +1 ring mail of positive energy
 S - a +0 pair of gloves (worn)
 X - a +1 cloak (worn)
Jewellery
 c - a +3 ring of evasion (right hand)
 p - an uncursed ring of protection from magic
 u - a +4 amulet of reflection (around neck)
 K - an uncursed amulet of the gourmand
 N - a ring of poison resistance (left hand)
 V - an uncursed amulet of magic regeneration {unknown}
Wands
 r - a wand of disintegration (10/24)
 M - a wand of slowing (15/48)
Scrolls
 j - 4 scrolls of magic mapping
 q - 3 scrolls of recharging
 t - 11 scrolls of remove curse
 y - 2 scrolls of teleportation {unknown}
 A - 3 scrolls of enchant armour {unknown}
 D - 4 scrolls of random uselessness {unknown}
 F - a scroll of fog
 J - a scroll of brand weapon {unknown}
 O - a scroll of holy word {unknown}
 Q - 5 scrolls of amnesia {unknown}
 R - a scroll of fear {unknown}
 T - a scroll of immolation {unknown}
 U - a scroll of vulnerability {unknown}
Potions
 d - 4 potions of might
 e - 5 potions of flight
 f - 6 potions of curing
 g - 2 potions of cure mutation
 h - 3 potions of heal wounds
 s - 3 potions of invisibility
 v - 2 potions of brilliance
 w - 2 potions of cancellation
 I - 2 potions of ambrosia
 L - 3 potions of lignification {unknown}
Comestibles
 i - 10 bread rations
 l - 14 fruits
 m - 6 meat rations
 E - 2 royal jellies
 G - a chunk of flesh
 H - 10 beef jerkies


   Skills:
 - Level 13.1 Fighting
 + Level 12.9 Maces & Flails
 + Level 14.9 Armour
 - Level 15.0 Shields
 - Level 10.0 Invocations


You had 14 spell levels left.
You didn't know any spells.

Dungeon Overview and Level Annotations

Branches:
Dungeon (11/15)            Temple (1/1) D:7            Lair (6/6) D:11
 Shoals (0/4) Lair:2       Spider (2/4) Lair:2        Slime (0/5) Lair:5
    Orc (0/2) D:10

Altars:
Ashenzari
Cheibriados
Dithmenos
Elyvilon
Hepliaklqana
Nemelex Xobeh
Okawaru
Qazlal
Sif Muna
Vehumet
Jiyva

Shops:
D:10 (

Annotations:
Abyss:1 Rupert


Innate Abilities, Weirdness & Mutations

You are under a permanent stasis effect.
You can dig through walls and to a lower floor.
Your four strong arms can wield two-handed weapons with a shield.
You have a pair of large antennae on your head. (SInv)
You are partially covered in molten scales. (AC +2)
You are highly resistant to hostile enchantments. (MR++)
You expend magic power (3 MP) to strengthen your wands.


Message History

* * * LOW HITPOINT WARNING * * *
You feel more protected from physical attacks.
You block the entropy weaver's attack. x3; The entropy weaver hits you!
* * * LOW HITPOINT WARNING * * *
You are too injured to fight recklessly!
Okay, then.
Aiming: Upheaval
Press: ? - help, Dir - move target cursor The ground shakes violently, spewing rubble!
The blast of rubble hits the entropy weaver.
The entropy weaver is almost dead.
You block the entropy weaver's attack. x3; The entropy weaver hits you!
* * * LOW HITPOINT WARNING * * *
You feel more protected from physical attacks.
Aiming: Upheaval
Press: ? - help, Dir - move target cursor Magma suddenly erupts from the ground!
You hear a sizzling sound!
You block the entropy weaver's attack. The entropy weaver hits you!
You die...

##...#....§.§§..<....##
#..........a@§.....^..#
#.........≈§§.........# ###
#...........§........####^##
###...................##...#
#.^.#.....................##
###..##......................#
#...##..........^.....[......#
#..##.......................##
#..#..........................
##...#...#....................
##.##....#..................^
####........................
#............[...........
###......................
#.....^.......|........
#..............(.......


You could see an entropy weaver.

Vanquished Creatures
  Arachne (Spider:1)
  Agnes (Spider:1)
  An emperor scorpion (Spider:1)
  An entropy weaver (Spider:2)
  Snorg (D:10)
  Josephine (Lair:4)
  2 hydras
  10 death yaks
  7 orb spiders
  2 wolf spiders (Spider:1)
  An ugly thing (D:11)
  A moth of wrath (Spider:1)
  5 elephants
  A guardian serpent (D:10)
  A torpor snail (Lair:4)
  7 black mambas
  13 spiny frogs
  4 komodo dragons
  A rime drake (Lair:2)
  A centaur skeleton (D:10)
  2 demonic crawlers (Spider:2)
  10 jumping spiders
  4 polar bears (Lair:6)
  2 meliai (D:11)
  5 hornets
  4 dream sheep (Lair:5)
  10 blink frogs
  6 hippogriffs
  43 redbacks
  3 wraiths (Lair:4)
  6 yaks
  13 spriggans (Lair:6)
  9 tarantellas
  4 wyverns
  6 basilisks
  A steam dragon (D:11)
  Grum (D:7)
  A hungry ghost (D:7)
  5 swamp worms (Lair:2)
  A soldier ant (D:11)
  4 water moccasins
  5 orc warriors
  4 black bears
  3 porcupines
  2 phantoms
  A hornet zombie (D:9)
  2 sky beasts
  A necrophage (D:11)
  3 ice beasts
  3 ogres
  3 boggarts (Lair:6)
  23 wolves
  3 centaurs
  17 crocodiles
  3 big kobolds
  A gnoll sergeant (D:9)
  11 bullfrogs
  4 scorpions
  A howler monkey (D:7)
  4 wights (D:10)
  4 electric eels
  4 crimson imps
  2 bullfrog zombies (D:8)
  A centaur zombie (D:6)
  8 hounds
  3 jellies
  6 orc priests
  12 orc wizards
  A bullfrog skeleton (D:9)
  7 iguanas
  10 worker ants
  A hound skeleton (D:4)
  5 gnolls
  10 adders
  3 shadow imps (D:9)
  2 adder zombies
  An ooze (D:7)
  An adder skeleton (D:4)
  14 worms
  3 dart slugs (D:2)
  8 leopard geckos
  51 orcs
  2 ball pythons
  9 bats
  5 giant cockroaches
  11 goblins
  9 hobgoblins
  7 jackals (D:3)
  12 quokkas
  5 frilled lizards
  A giant cockroach zombie (D:6)
  25 kobolds
  A leopard gecko skeleton (D:5)
  A quokka zombie (D:9)
  3 rats
  31 fungi
  13 plants
588 creatures vanquished.

Vanquished Creatures (others)
  2 hydras
  3 death yaks
  The ghost of ohados the Transmogrifier, a novice NaTm of Cheibriados (D:8)
  3 wolf spiders
  An orc knight (D:10)
  A siren (Lair:2)
  3 elephants
  A black mamba (Lair:5)
  3 spiny frogs
  5 demonic crawlers
  2 jumping spiders
  4 polar bears
  A meliai (D:11)
  A troll (D:9)
  A blink frog (Lair:5)
  3 tarantellas
  A spriggan (Lair:6)
  A wraith (Lair:4)
  A redback (Spider:1)
  A swamp worm (Lair:2)
  A water moccasin (Lair:4)
  3 black bears
  A porcupine (Lair:3)
  A wolf (D:7)
  An ogre (D:7)
  3 centaurs
  A crocodile (Lair:3)
  The ghost of loom the Firebug, an amateur GrFE (D:3)
  2 bullfrogs
  A scorpion (D:7)
  A howler monkey (D:6)
  A crimson imp (D:5)
  An orc priest (D:5)
  An orc wizard (D:10)
  An iguana (D:5)
  A hound zombie (D:7)
  2 adders
  A gnoll (D:9)
  2 worms (Lair:2)
  A leopard gecko (D:8)
  3 orcs
  30 fungi
  10 plants
109 creatures vanquished.

Grand Total: 697 creatures vanquished

Notes
Turn   | Place    | Note
-------+----------+-------------------------------------------
     0 | D:1      | ImaNewbie the Formicid Fighter began the quest for the Orb.
     0 | D:1      | Reached XP level 1. HP: 18/18 MP: 1/1
     5 | D:1      | You fall through a shaft!
    63 | D:2      | Reached XP level 2. HP: 23/24 MP: 2/2
   437 | D:1      | Reached XP level 3. HP: 24/29 MP: 3/3
   889 | D:2      | Found a faded altar of an unknown god.
   964 | D:2      | You fall through a shaft!
  1302 | D:2      | Reached XP level 4. HP: 35/35 MP: 4/4
  1362 | D:2      | Found a faded altar of an unknown god.
  2193 | D:3      | Reached XP level 5. HP: 40/41 MP: 5/5
  2215 | D:3      | Noticed loom's ghost (amateur GrFE)
  2221 | D:3      | Banished loom's ghost
  2221 | D:3      | Reached skill level 5 in Maces & Flails
  2514 | D:3      | Found a white marble altar of Elyvilon.
  3069 | D:3      | Found a white marble altar of Elyvilon.
  3516 | D:4      | Found a sparkling altar of Nemelex Xobeh.
  3669 | D:4      | Reached XP level 6. HP: 44/47 MP: 6/6
  4112 | D:4      | You fall through a shaft for 3 floors!
  4122 | D:7      | Reached XP level 7. HP: 52/52 MP: 7/7
  4191 | D:7      | Noticed a hungry ghost
  4213 | D:7      | Killed a hungry ghost
  4393 | D:5      | Entered Level 5 of the Dungeon
  4582 | D:4      | Reached XP level 8. HP: 58/58 MP: 8/8
  4612 | D:4      | Found a deep blue altar of Sif Muna.
  6141 | D:6      | Found a radiant altar of Vehumet.
  6149 | D:6      | Reached skill level 10 in Maces & Flails
  6321 | D:6      | Reached XP level 9. HP: 63/64 MP: 9/9
  6856 | D:6      | Found a radiant altar of Vehumet.
  7339 | D:7      | Found a staircase to the Ecumenical Temple.
  7366 | Temple   | Entered the Ecumenical Temple
  7388 | Temple   | Became a worshipper of Qazlal Stormbringer
  7881 | D:7      | Reached skill level 4 in Shields
  8162 | D:7      | Found a staircase to the Ecumenical Temple.
  8608 | D:8      | Reached skill level 5 in Shields
  8731 | D:8      | Reached skill level 6 in Shields
  8931 | D:8      | Noticed ohados's ghost (novice NaTm)
  8978 | D:8      | Reached XP level 10. HP: 70/70 MP: 10/10
  8979 | D:8      | Noticed Grum
  9001 | D:7      | Reached skill level 7 in Shields
  9818 | D:7      | Reached skill level 8 in Shields
  9861 | D:7      | Found a staircase to the Ecumenical Temple.
 10639 | D:7      | Killed Grum
 10639 | D:7      | Reached skill level 9 in Shields
 10802 | D:8      | Banished ohados's ghost
 10821 | D:8      | Reached skill level 10 in Shields
 10950 | D:8      | Found a shadowy altar of Dithmenos.
 10950 | D:8      | Found a faded altar of an unknown god.
 10955 | D:8      | Found a faded altar of an unknown god.
 10959 | D:8      | Found a faded altar of an unknown god.
 10960 | D:8      | Found a faded altar of an unknown god.
 11590 | D:8      | Found a shadowy altar of Dithmenos.
 11590 | D:8      | Found a faded altar of an unknown god.
 11595 | D:8      | Found a faded altar of an unknown god.
 11597 | D:8      | Found a faded altar of an unknown god.
 11599 | D:8      | Found a faded altar of an unknown god.
 11626 | D:8      | Reached * piety under Qazlal
 12029 | D:9      | Reached skill level 11 in Shields
 12372 | D:9      | Found a shattered altar of Ashenzari.
 12707 | D:10     | Entered Level 10 of the Dungeon
 12759 | D:10     | Noticed Snorg
 12772 | D:10     | Killed Snorg
 12772 | D:10     | Reached skill level 12 in Shields
 12772 | D:10     | Reached XP level 11. HP: 21/75 MP: 11/11
 12844 | D:10     | Reached ** piety under Qazlal
 13120 | D:10     | Noticed an orc knight
 13155 | D:10     | Reached skill level 13 in Shields
 13171 | D:10     | Killed an orc knight
 13629 | D:10     | Found Ifeosm's Antique Weapon Shoppe.
 13797 | D:10     | Reached skill level 14 in Shields
 13978 | D:10     | Found a staircase to the Orcish Mines.
 14143 | D:11     | Found a staircase to the Lair.
 14143 | D:11     | Noticed an elephant
 14397 | D:11     | Reached *** piety under Qazlal
 14686 | D:11     | Killed an elephant
 14777 | D:11     | Reached skill level 15 in Shields
 15312 | D:11     | Noticed a green ugly thing
 15350 | D:11     | Found a staircase to the Lair.
 15355 | D:11     | Killed a green ugly thing
 15846 | D:11     | Reached skill level 5 in Fighting
 16131 | Lair:1   | Entered Level 1 of the Lair of Beasts
 16182 | Lair:1   | Got a scorched mace
 16199 | Lair:1   | Reached XP level 12. HP: 87/87 MP: 12/12
 16838 | Lair:1   | Gained mutation: You expend magic power (3 MP) to strengthen your wands. [potion of mutation]
 16838 | Lair:1   | Gained mutation: You are resistant to hostile enchantments. (MR+) [potion of mutation]
 17056 | Lair:2   | Reached **** piety under Qazlal
 17365 | Lair:2   | Reached skill level 10 in Fighting
 17427 | Lair:2   | Found a hole to the Spider Nest.
 17669 | Lair:2   | Noticed an eight-headed hydra
 17788 | Lair:2   | Found a staircase to the Shoals.
 17888 | Lair:2   | Killed an eight-headed hydra
 17888 | Lair:2   | Reached skill level 5 in Armour
 18568 | Lair:3   | Reached XP level 13. HP: 98/103 MP: 13/13
 18949 | Lair:4   | Noticed Josephine
 18963 | Lair:4   | Killed Josephine
 19066 | Lair:4   | Reached ***** piety under Qazlal
 19269 | Lair:4   | Reached skill level 10 in Armour
 19369 | Lair:4   | Found a shadowy altar of Dithmenos.
 19491 | Lair:4   | Noticed a six-headed hydra
 19647 | Lair:4   | Banished a six-headed hydra
 20527 | Lair:5   | Found a viscous altar of Jiyva.
 20528 | Lair:5   | Found a staircase to the Slime Pits.
 20832 | Lair:5   | Reached XP level 14. HP: 110/110 MP: 14/14
 21390 | Lair:6   | Entered Level 6 of the Lair of Beasts
 21471 | Lair:6   | Got a bloodstained ring mail
 21482 | Lair:6   | Identified the +1 ring mail of Eternal Night {MR+} (You found it on level 6 of the Lair of Beasts)
 21493 | Lair:6   | Reached skill level 1 in Invocations
 22022 | Lair:6   | Reached skill level 5 in Invocations
 22600 | Lair:6   | Reached ****** piety under Qazlal
 23157 | Spider:1 | Entered Level 1 of the Spider Nest
 23403 | Lair:2   | Reached XP level 15. HP: 107/121 MP: 21/21
 23978 | Spider:1 | Noticed Agnes
 23989 | Spider:1 | Noticed Rupert
 23989 | Spider:1 | Killed Agnes
 23991 | Spider:1 | Noticed an emperor scorpion
 24009 | Spider:1 | Killed an emperor scorpion
 24167 | Spider:1 | Gained mutation: You are highly resistant to hostile enchantments. (MR++) [potion of beneficial mutation]
 24168 | Spider:1 | Gained mutation: You are partially covered in molten scales. (AC +2) [potion of beneficial mutation]
 24199 | Spider:1 | Banished Rupert
 24695 | Spider:1 | Reached skill level 10 in Invocations
 24829 | Spider:2 | Noticed Arachne
 25202 | Spider:1 | Killed Arachne
 25486 | Spider:1 | HP: 6/123 [entropy weaver (10)]
 25487 | Spider:1 | Slain by an entropy weaver

Skill      XL: |  1  2  3  4  5  6  7  8  9 10 11 12 13 14 15 |
---------------+----------------------------------------------+-----
Maces & Flails | 3 4 5 7 8 10 12 | 12.9
Shields        | 6 12 15 | 15.0
Fighting       | 5 10 12 13 | 13.1
Armour         | 7 13 14 | 14.9
Invocations    | 8 10 | 10.0

Action                   |  1- 3 |  4- 6 |  7- 9 | 10-12 | 13-15 || total
-------------------------+-------+-------+-------+-------+-------++-------
Melee: Flail             |    85 |       |       |       |       ||    85
       Whip              |    29 |   159 |   339 |   744 |  1109 ||  2380
Invok: Upheaval          |       |       |       |       |     7 ||     7
 Abil: Dig               |       |       |       |     1 |     4 ||     5
  Use: Scroll            |       |       |    14 |     6 |     3 ||    23
       Potion            |       |       |       |     5 |     2 ||     7
  Eat: Chunk             |     1 |     9 |    17 |    24 |    21 ||    72
       Pizza             |       |       |       |     1 |     1 ||     2
       Meat ration       |       |       |       |     1 |       ||     1
Armor: Scale mail        |    34 |    38 |     4 |       |       ||    76
       Plate armour      |       |       |    83 |    82 |   174 ||   339
       Ring mail         |       |       |       |       |     2 ||     2
Dodge: Dodged            |    33 |    27 |    29 |    54 |   140 ||   283
       Deflected         |       |       |       |       |     3 ||     3
Block: Shield            |    54 |    77 |   147 |    78 |       ||   356
       Reflection        |       |       |    11 |    30 |     5 ||    46
       Large shield      |       |       |       |   409 |  1105 ||  1514
